 Dungeon Crawl Stone Soup version 0.32-a0-871-ge202e49faa (webtiles) character file.

Game seed: 18268605064496522756

1515647 Gryn the Slayer (level 27, 207/207 HPs)
             Began as a Human Conjurer on Mar 29, 2024.
             Was a Priest of Hepliaklqana.
             Escaped with the Orb
             ... and 3 runes!
             The game lasted 04:43:48 (86755 turns).

Gryn the Slayer (Human Conjurer)                   Turns: 86755, Time: 04:43:48

Health: 207/207    AC: 20    Str: 13 (15) XL:     27
Magic:  38/38      EV: 26    Int: 18      God:    Hepliaklqana [***...]
Gold:   4292       SH: 22    Dex: 29 (31) Spells: 21/48 levels left

rFire   + + .        b - +7 hand cannon (drain)
rCold   + + +        q - +5 kite shield {AC+3}
rNeg    + . .        s - +4 leather armour "Ahokic" {Will+}
rPois   +            t - +0 hat of Pinecuj {^Contam +Inv Dex+7 Stlth-}
rElec   +            E - +2 cloak of Fiecsuem {rC+ Str+2}
rCorr   +            j - +2 pair of gloves
SInv    .            o - +0 pair of boots of Plog {Rampage rN+}
Will    ++++.        Z - amulet of Vitality {Regen++ RegenMP++}
Stlth   +            U - ring of Huoruaxtuf {rElec rC+ rCorr Dex+2}
HPRegen 2.14/turn    r - ring "Eciasud" {rPois rF++ Will+ Dex+3 Stlth-}
MPRegen 1.06/turn

%: rampage
@: no status effects
A: reduced essence, explore regen, talons 1, cold resistance 1, deterioration 1,
dopey 1, evolution 1
0: Orb of Zot
}: 3/15 runes: serpentine, barnacled, slimy
a: Renounce Religion, Evoke Invisibility, Recall Ancestor, Ancestor Identity,
Transference


You escaped.
You worshipped Hepliaklqana.
Hepliaklqana was most pleased with you.
You visited 12 branches of the dungeon, and saw 56 of its levels.
You also visited: Sewer, Bailey, Gauntlet and Ice Cave.

You collected 8171 gold pieces.
You spent 3879 gold pieces at shops.

Inventory:

Hand Weapons
 b - a +7 hand cannon of draining (weapon)
Missiles
 H - 17 curare-tipped darts
 L - 6 throwing nets
Armour
 j - a +2 pair of gloves (worn)
 o - the +0 pair of boots of Plog (worn) {Rampage rN+}
   (You found it on level 2 of the Depths)

   rN+:       It protects you from negative energy.
   Rampage:   It bestows one free step when moving towards enemies.
 q - a +5 kite shield of protection (worn)
 s - the +4 leather armour "Ahokic" (worn) {Will+}
   (You found it on level 5 of the Pits of Slime)

   Will+:     It increases your willpower.
 t - the +0 hat of Pinecuj (worn) {^Contam +Inv Dex+7 Stlth-}
   (You found it on level 3 of the Depths)

   Dex+7:     It affects your dexterity (+7).
   +Inv:      It lets you turn invisible.
   ^Contam:   It causes magical contamination when unequipped.
   Stlth-:    It makes you less stealthy.
 E - the +2 cloak of Fiecsuem (worn) {rC+ Str+2}
   (You found it in a Gauntlet)

   Str+2:     It affects your strength (+2).
   rC+:       It protects you from cold.
Jewellery
 d - a +6 ring of intelligence
 r - the ring "Eciasud" (right hand) {rPois rF++ Will+ Dex+3 Stlth-}
   (You took it off a deep elf annihilator on level 3 of the Elven Halls)

   [ring of poison resistance]

   Dex+3:     It affects your dexterity (+3).
   rF++:      It greatly protects you from fire.
   rPois:     It protects you from poison.
   Will+:     It increases your willpower.
   Stlth-:    It makes you less stealthy.
 U - the ring of Huoruaxtuf (left hand) {rElec rC+ rCorr Dex+2}
   (You bought it in a shop on level 1 of the Vaults)

   [ring of resist corrosion]

   Dex+2:     It affects your dexterity (+2).
   rC+:       It protects you from cold.
   rElec:     It insulates you from electricity.
   rCorr:     It protects you from acid and corrosion.
 Z - the amulet of Vitality (around neck) {Regen++ RegenMP++}
   (You found it on level 3 of the Depths)

   [amulet of nothing]

   Regen++:   It increases your rate of health regeneration.
   RegenMP++: It increases your rate of magic regeneration.
Wands
 a - a wand of iceblast (21)
 h - a wand of polymorph (23)
 B - a wand of acid (34)
 F - a wand of mindburst (50)
 P - a wand of digging (16)
 T - a wand of paralysis (40)
 W - a wand of flame (84)
Scrolls
 g - 5 scrolls of vulnerability
 k - 8 scrolls of fog
 m - 2 scrolls of brand weapon
 n - 4 scrolls of immolation
 u - 4 scrolls of amnesia
 v - 11 scrolls of teleportation
 G - 4 scrolls of noise
 I - 10 scrolls of fear
 J - 4 scrolls of torment
 N - 5 scrolls of poison
 S - 5 scrolls of silence
 V - 4 scrolls of enchant armour
Potions
 c - a potion of invisibility
 e - 11 potions of enlightenment
 l - 8 potions of lignification
 p - 23 potions of curing
 w - a potion of haste
 x - 7 potions of brilliance
 z - 5 potions of mutation
 A - 5 potions of ambrosia
 C - 8 potions of attraction
 D - 7 potions of might
 K - 2 potions of resistance
 M - 9 potions of magic
 O - 4 potions of berserk rage
 Q - 3 potions of cancellation
Miscellaneous
 f - a lightning rod (4/4)
 i - a box of beasts
 y - a condenser vane


   Skills:
 - Level 22.0 Fighting
 - Level 20.0 Ranged Weapons
 - Level 11.0 Armour
 - Level 15.5 Dodging
 - Level 2.0 Stealth
 - Level 18.0 Shields
 - Level 11.0 Spellcasting
 - Level 7.0 Conjurations
 - Level 5.0 Necromancy
 + Level 14.8 Translocations
 - Level 20.0 Ice Magic
 - Level 7.0 Air Magic
 - Level 10.0 Alchemy
 - Level 10.0 Invocations
 - Level 12.0 Evocations


You had 21 spell levels left.
You knew the following spells:

 Your Spells              Type           Power      Damage    Failure   Level
a - Freezing Cloud        Conj/Ice/Air   25%        6-21      3%          5
b - Olgreb's Toxic Radia  Alch           45%        N/A       2%          4
c - Ozocubu's Refrigerat  Ice            34%        4d15      3%          7
d - Fugue of the Fallen   Necr           27%        N/A       5%          3
e - Blink                 Tloc           100%       N/A       1%          2
f - Dispersal             Tloc           29%        N/A       4%          6

Your spell library contained the following spells:

 Spells                   Type           Power      Damage    Failure   Level
 Frozen Ramparts          Ice            100%       1d16      0%          3
 Ozocubu's Armour         Ice            69%        N/A       0%          3
 Apportation              Tloc           100%       N/A       1%          1
 Magic Dart               Conj           100%       1d8       1%          1
 Necrotise                Necr           100%       1d9       1%          1
 Shock                    Conj/Air       100%       1d9       1%          1
 Cigotuvi's Dreadful Rot  Necr/Alch/Air  72%        N/A       1%          2
 Ensorcelled Hibernation  Hex/Ice        90%        N/A       1%          2
 Lesser Beckoning         Tloc           100%       N/A       1%          2
 Mercury Vapours          Alch/Air       80%        N/A       1%          2
 Searing Ray              Conj           70%        2d7       1%          2
 Hailstorm                Conj/Ice       55%        3d11      1%          3
 Mephitic Cloud           Conj/Alch/Air  38%        N/A       1%          3
 Teleport Other           Tloc           59%        N/A       1%          3
 Volatile Blastmotes      Fire/Tloc      72%        2d16      1%          3
 Iskenderun's Mystic Bla  Conj/Tloc      49%        2d11      (+2d51%     4
 Maxwell's Portable Pile  Tloc           59%        2d(14-27) 1%          4
 Vhi's Electric Charge    Tloc/Air       98%        N/A       1%          4
 Sublimation of Blood     Necr           27%        N/A       2%          2
 Swiftness                Air            35%        N/A       2%          3
 Foxfire                  Conj/Fire      88%        2x1d8     3%          1
 Fulminant Prism          Conj/Alch      20%        3d12      4%          4
 Gell's Gavotte           Tloc           29%        2d(24-36) 4%          6
 Sculpt Simulacrum        Ice/Alch       29%        N/A       4%          6
 Alistair's Intoxication  Alch           30%        N/A       6%          5
 Metabolic Englaciation   Hex/Ice        22%        N/A       6%          5
 Airstrike                Air            17%        2d(3-19)  8%          4
 Stone Arrow              Conj/Erth      44%        3d9       10%         3
 Irradiate                Conj/Alch      20%        3d18      12%         5
 Summon Small Mammal      Summ           36%        N/A       14%         1
 Animate Dead             Necr           27%        N/A       17%         4
 Ignite Poison            Fire/Alch      27%        N/A       17%         4
 Leda's Liquefaction      Alch/Erth      13%        N/A       17%         4
 Petrify                  Alch/Erth      27%        N/A       17%         4
 Call Imp                 Summ           18%        N/A       21%         2
 Jinxbite                 Hex            18%        N/A       21%         2
 Call Canine Familiar     Summ           9%         N/A       38%         3
 Passwall                 Erth           9%         N/A       38%         3
 Anguish                  Hex/Necr       9%         N/A       43%         4
 Silence                  Hex/Air        11%        N/A       65%         5
 Animate Armour           Summ/Erth      18%        N/A       80%         4
 Summon Blazeheart Golem  Fire/Summ      9%         N/A       80%         4
 Polar Vortex             Ice            34%        12d4*     98%         9
 Bombard                  Conj/Erth      11%        9d3       99%         6
 Plasma Beam              Fire/Air       11%        2x1d22    99%         6
 Starburst                Conj/Fire      11%        6d5       99%         6
 Haunt                    Necr/Summ      9%         N/A       100%        7
 Monstrous Menagerie      Summ           4%         N/A       100%        7
 Spellforged Servitor     Conj/Summ      11%        N/A       100%        7
 Borgnjor's Revivificati  Necr           13%        N/A       100%        8
 Infestation              Necr           13%        N/A       100%        8
 Lehudib's Crystal Spear  Conj/Erth      11%        10d4      100%        8
 Chain Lightning          Conj/Air       17%        3d23      100%        9
 Death's Door             Necr           13%        N/A       100%        9


Dungeon Overview and Level Annotations

Branches:
Dungeon (15/15)            Temple (1/1) D:4            Lair (5/5) D:8
 Shoals (4/4) Lair:3        Snake (4/4) Lair:2        Slime (5/5) Lair:5
    Orc (2/2) D:11            Elf (3/3) Orc:2        Vaults (5/5) D:14
  Crypt (3/3) Vaults:3       Tomb (0/3) Crypt:3      Depths (4/4) D:15
    Zot (5/5) Depths:4      Sewer (visited)          Bailey (visited)
  IceCv (visited)         Gauntlet (visited)

Altars:
Ashenzari
Cheibriados
Dithmenos
Elyvilon
Fedhas
Gozag
Hepliaklqana
Kikubaaqudgha
Makhleb
Nemelex Xobeh
Okawaru
Qazlal
Ru
Sif Muna
Trog
Uskayaw
Vehumet
Wu Jian
Xom
Yredelemnul
Zin
The Shining One

Shops:
D:12 :   Orc:2 (:!   Elf:1 (   Elf:3 *?(!   Shoals:1 ([**   Shoals:2 !
Snake:1 [   Snake:2 (   Vaults:1 =   Depths:1 *

Portals:
Hell: Depths:1 Depths:2 Depths:3 Depths:4
Abyss: Snake:3 Depths:3
Pandemonium: Depths:2
Ziggurat: Depths:1

Annotations:
D:13 4 transporters
Vaults:2 Mennas


Innate Abilities, Weirdness & Mutations

Your life essence is reduced to manifest your ancestor. (-10% HP)
You regain HP and MP as you explore.
You have sharp toenails.
Your flesh is cold resistant. (rC+)
Your body sometimes deteriorates upon taking damage.
You are dopey. (Int -2)
You have hidden genetic potential.


Message History

The soul eater is lightly wounded.
Hepafightis hits the soul eater but does no damage.
Hepafightis blocks the soul eater's attack.
You shoot a slug. Hepafightis avoids your attack.
The slug hits the soul eater!!!
The soul eater is almost dead.
Hepafightis hits the soul eater with a +0 broad axe of speed.
Hepafightis blocks the soul eater's attack.
You shoot a slug. Hepafightis avoids your attack.
The slug hits the soul eater!
You kill the soul eater!
No target in view!
Things that are here:
a +0 whip; an orc skeleton You swap places.
Things that are here:
a +0 club; an orc skeleton
Things that are here:
a +0 chain mail; a +0 hand axe
There is a stone staircase leading up here.
You climb upwards.
There is a stone staircase leading down here.
Unknown command.
Unknown command.
There is a stone staircase leading up here.
You climb upwards.
There is a stone staircase leading down here.
You swap places.
There is an open door here.
You see here a bat skeleton.
There is an open door here.
There is a stone staircase leading down here.
Aiming: Dig
Press: ? - help, Shift-Dir - straight line A rock wall.
This square is covered in magical glow.
The rock shatters into small pieces.
Unknown command.
Unknown command.
There is a staircase leading out of the dungeon here.
You have escaped!

#♣......ß.....####.#
#..♣..............>.
#............#######
#............∩.#
#............### ###
#♣............# #..
#.......♣.....# #..
#.............# #..
##.@R.........####.÷
##...........∩..#..
##......♣...##....
#~[.......#####..
###♣♣###### ###


You could see the friendly Hepafightis the knight (reflecting).

Vanquished Creatures
  A dread lich (Crypt:3)
  2 orbs of fire
  A royal mummy (Depths:3)
  The ghost of Vyqe the Cryomancer, a master MfIE of Vehumet (Zot:2)
  8 Killer Klowns
  Boris (twice) (Depths:1 Crypt:3)
  A curse toe (Zot:4)
  6 golden dragons
  3 caustic shrikes (Depths:4)
  The ghost of Jigeme the Master Archer, a veteran DEHs of Fedhas (Depths:3)
  Norris (Vaults:1)
  A bone dragon (Crypt:3)
  A doom hound (Zot:4)
  A shard shrike zombie (Crypt:3)
  5 tentacled monstrosities
  A deep elf blademaster (Elf:3)
  18 Orb Guardians
  Zenata (Vaults:2)
  2 quicksilver dragons
  2 liches
  A walking earthen tome (Depths:2)
  A titan (Vaults:4)
  2 deep elf master archers (Elf:3)
  16 acid blobs
  3 sphinxes
  The ghost of SlowGraham the Severer, an adept MDFi of Gozag (Snake:3)
  Polyphemus (Shoals:3)
  5 death cobs
  2 storm dragons
  3 shadow dragons
  15 nagarajas
  2 tengu reavers
  3 rockslimes
  2 protean progenitors (Zot:3)
  2 iron dragons (Depths:3)
  4 azure jellies
  A fenstrider witch (Depths:1)
  5 draconian monks
  4 deep elf sorcerers (Elf:3)
  6 frost giants
  5 draconian shifters
  6 deep elf elementalists
  6 draconian scorchers
  2 curse skulls
  7 vault wardens
  2 draconian stormcallers (Zot:4)
  3 spriggan defenders
  A caustic shrike zombie (Depths:2)
  2 caustic shrike skeletons
  3 draconian annihilators (Zot:1)
  53 slime creatures
  6 formless jellyfish
  An orc warlord (Bailey)
  A ghoul (Vaults:3)
  A demonspawn blood saint (Zot:1)
  11 very ugly things
  7 quicksilver oozes
  5 vampire knights
  8 ironbound preservers
  7 green draconians
  4 stone giants
  4 deep elf demonologists (Elf:3)
  5 ironbound thunderhulks
  8 black draconians
  5 deep elf annihilators (Elf:3)
  3 dire elephants
  9 spark wasps
  8 purple draconians
  5 white draconians
  5 deep elf death magi
  6 yellow draconians
  4 war gargoyles
  A minotaur (Gauntlet)
  8 red draconians
  2 ettins
  2 merfolk javelineers (Shoals:4)
  5 fire dragons
  A quicksilver dragon zombie (Depths:2)
  2 spriggan zombies (Crypt:3)
  4 crystal guardians
  A mummy priest (Depths:3)
  4 merfolk impalers (Shoals:4)
  2 jiangshi
  A deep elf high priest (Elf:3)
  8 ice dragons
  6 yaktaur captains
  2 entropy weavers (Vaults:3)
  4 great orbs of eyes
  21 vault guards
  5 hydras
  A fenstrider witch zombie (Crypt:3)
  An ogre mage (Orc:2)
  3 peacekeepers
  2 salamander tyrants
  5 ironbound frosthearts
  5 centaur warriors
  3 spriggan air magi
  A boulder beetle (D:13)
  A jorogumo (Depths:1)
  3 catoblepae
  30 dancing weapons
  5 deep troll shamans
  9 anacondas
  8 two-headed ogres
  2 vampire magi
  2 deep troll earth magi
  8 death yaks
  2 satyrs (Shoals:4)
  A sphinx skeleton (Depths:2)
  7 tengu warriors
  8 naga sharpshooters
  18 naga warriors
  3 shock serpents
  4 spriggan berserkers
  5 skysharks
  6 iron trolls
  2 soul eaters
  16 deep elf knights
  A salamander mystic (Snake:4)
  7 hell knights
  A sixfirhy (Zot:4)
  17 skeletal warriors
  An anaconda zombie (Crypt:3)
  7 sea snakes
  3 arcanists
  9 deep elf archers
  2 flayed ghosts
  31 deep trolls
  12 ironbound convokers
  2 glowing orange brains
  11 mana vipers
  10 necromancers
  A golden dragon skeleton (Depths:2)
  2 orc knights
  An orange crystal statue (Depths:1)
  An obsidian bat (Orc:1)
  6 naga ritualists
  2 phantasmal warriors
  5 thermic dynamos (Elf:1)
  A starcursed mass (Snake:3)
  22 harpies
  28 deep elf pyromancers
  9 salamanders
  An orc sorcerer (Orc:2)
  28 deep elf zephyrmancers
  8 lindwurms
  18 moths of wrath
  A faun (shapeshifter) (Elf:2)
  5 cyclopes
  4 shining eyes
  20 ugly things
  A salamander (shapeshifter) (Depths:2)
  8 fauns
  A worldbinder (Snake:3)
  14 manticores
  An ice statue (IceCv)
  14 vault sentinels
  16 elephants
  11 naga magi
  7 merfolk sirens
  38 black mambas
  4 gargoyles
  9 guardian serpents
  A smoke demon (D:14)
  A centaur zombie (Crypt:3)
  An apocalypse crab (Snake:3)
  6 eyes of devastation
  13 water nymphs
  18 cane toads
  A yaktaur zombie (Vaults:4)
  A dire elephant skeleton (Crypt:2)
  10 rime drakes
  A tormentor (D:10)
  2 efreet
  5 komodo dragons
  An unseen horror (D:11)
  18 yaktaurs
  9 trolls
  A freezing wraith (D:15)
  4 tengu conjurers (Depths:1)
  A harpy zombie (Crypt:2)
  26 merfolk
  4 hornets
  13 blink frogs
  7 polar bears
  4 wind drakes
  A tengu simulacrum (Vaults:4)
  5 glass eyes
  5 dream sheep (Lair:4)
  4 snapping turtles (Shoals:4)
  Sigmund (D:4)
  A fire dragon skeleton (Crypt:1)
  2 spriggans
  7 water elementals
  A wyvern (D:8)
  2 culicivoras (Vaults:3)
  45 yaks
  6 air elementals
  3 basilisks
  3 fire elementals
  3 wraiths
  7 vampire mosquitoes
  A steam dragon (Lair:3)
  2 redbacks (Vaults:3)
  A warg (D:15)
  3 acid dragons
  38 nagas
  A hell hound (Gauntlet)
  A glowing shapeshifter skeleton (Vaults:4)
  An ice beast (D:7)
  18 orc warriors
  19 water moccasins
  2 sky beasts (D:7)
  2 black bears
  17 ogres
  25 laughing skulls
  A dream sheep skeleton (Crypt:1)
  16 wolves
  16 centaurs
  A phantom (D:4)
  A komodo dragon zombie (Lair:4)
  2 kobold brigands (Sewer)
  13 bullfrogs
  5 gnoll sergeants
  A scorpion (D:8)
  2 earth elementals (Elf:1)
  16 wights
  3 spriggan skeletons
  5 electric eels
  9 howler monkeys
  A wolf skeleton (Crypt:2)
  A crimson imp (D:11)
  A hound (D:5)
  An iron imp (D:11)
  A basilisk zombie (Lair:4)
  12 orc priests
  6 iguanas
  12 orc wizards
  Natasha (thrice) (D:3)
  2 mummies (Depths:3)
  31 gnolls
  5 adders
  2 river rats (Sewer)
  A shadow imp (D:6)
  6 ufetubi
  A jelly zombie (Crypt:2)
  4 ribbon worms
  3 dart slugs
  72 orcs
  6 ball pythons
  9 bats
  A bat skeleton (Crypt:1)
  9 endoplasms
  3 giant cockroaches
  19 goblins
  12 hobgoblins
  7 jackals
  4 quokkas
  5 frilled lizards
  12 kobolds
  A kobold skeleton (Crypt:1)
  10 rats
1711 creatures vanquished.

Vanquished Creatures (collateral kills)
  the Royal Jelly (Slime:5)
  2 dread liches
  3 orbs of fire
  An ancient lich (Zot:5)
  A juggernaut (Depths:2)
  3 Killer Klowns (Zot:5)
  A caustic shrike (Depths:4)
  The ghost of Duof the Myrmidon, a veteran GnWn of Okawaru (Depths:3)
  5 golden dragons
  The ghost of Jigeme the Master Archer, a veteran DEHs of Fedhas (Depths:3)
  An iron giant (Depths:3)
  A doom hound (Zot:4)
  2 electric golems (Zot:5)
  5 tentacled monstrosities
  2 liches
  Mlioglotl (Lair:3)
  3 quicksilver dragons
  Grunn (Zot:4)
  6 Orb Guardians (Zot:5)
  A deep elf master archer (Elf:3)
  7 acid blobs
  6 death cobs
  4 sphinxes
  2 tengu reavers
  An ancient champion (Vaults:3)
  4 storm dragons
  A fire giant (Depths:4)
  2 rockslimes (Slime:5)
  Donald (Shoals:3)
  A fenstrider witch (Depths:1)
  2 azure jellies (Slime:5)
  4 draconian monks
  A revenant (Crypt:2)
  2 draconian scorchers (Zot:4)
  A nagaraja (Snake:4)
  3 draconian knights
  2 frost giants
  2 iron dragons (Depths:3)
  A draconian shifter (Depths:4)
  3 ghost moths
  3 vault wardens
  2 deep elf sorcerers (Elf:3)
  A balrug (Zot:1)
  2 deep elf elementalists (Elf:3)
  A draconian stormcaller (Zot:4)
  A draconian annihilator (Zot:1)
  A ghoul (Vaults:3)
  8 ironbound preservers
  A caustic shrike zombie (Crypt:3)
  2 formless jellyfish (Slime:5)
  4 quicksilver oozes
  4 stone giants
  5 very ugly things
  2 ironbound thunderhulks
  A deep elf demonologist (Elf:3)
  3 green draconians
  4 vampire knights
  2 deep elf annihilators (Elf:3)
  5 black draconians
  2 dire elephants (Vaults:2)
  A red draconian (Zot:5)
  5 spark wasps
  3 deep elf death magi
  2 white draconians
  3 purple draconians
  A war gargoyle (Crypt:3)
  2 eidola
  3 yellow draconians
  An entropy weaver (Vaults:3)
  A mummy priest (Depths:3)
  2 crystal guardians (Crypt:3)
  A deep elf high priest (Elf:3)
  A spriggan zombie (Depths:2)
  3 jiangshi
  5 ettins
  A merfolk impaler (Shoals:1)
  A rakshasa (Depths:1)
  3 fire dragons
  4 yaktaur captains
  A peacekeeper (Vaults:4)
  6 ice dragons
  A spriggan air mage (Depths:2)
  18 vault guards
  An ogre mage (Orc:2)
  3 great orbs of eyes
  A hydra (Lair:4)
  2 jorogumos (Zot:3)
  2 spriggan skeletons
  2 merfolk avatars
  2 catoblepae
  3 anacondas
  3 ironbound frosthearts
  2 merfolk aquamancers (Shoals:4)
  9 death yaks
  2 centaur warriors (D:15)
  2 deep troll shamans
  4 two-headed ogres (Orc:2)
  A tengu warrior (Depths:1)
  5 dancing weapons
  2 titan zombies (Crypt:3)
  A naga sharpshooter (Snake:4)
  3 shock serpents
  2 vampire magi
  8 naga warriors
  2 deep elf knights (Elf:1)
  5 hell knights
  A salamander mystic (Snake:4)
  A shadow wraith (Crypt:2)
  2 skysharks (Vaults:1)
  An iron troll (Depths:2)
  A storm dragon skeleton (Crypt:1)
  5 skeletal warriors
  2 flayed ghosts
  20 deep trolls
  2 bog bodies (Crypt:3)
  A golden dragon zombie (Crypt:3)
  4 naga ritualists
  2 sea snakes (Shoals:4)
  3 deep elf archers (Elf:2)
  3 ironbound convokers
  A golden dragon skeleton (Depths:2)
  7 ugly things
  4 glowing orange brains
  2 phantasmal warriors
  A tengu zombie (Depths:2)
  3 mana vipers
  5 necromancers
  An orc knight (D:15)
  A starcursed mass (Snake:3)
  3 deep elf pyromancers
  5 deep elf zephyrmancers
  2 lindwurms
  A faun (Shoals:4)
  6 harpies
  A fire giant zombie (Depths:2)
  4 manticores
  A cyclops (Orc:2)
  4 salamanders
  A shining eye (Slime:5)
  A goliath frog skeleton (Crypt:1)
  A fire giant skeleton (Crypt:2)
  7 moths of wrath
  8 elephants
  6 black mambas
  3 vault sentinels
  3 guardian serpents
  An eye of devastation (Slime:5)
  A merfolk siren (Shoals:4)
  3 naga magi
  2 water nymphs
  3 cane toads
  A swamp worm zombie (Crypt:1)
  9 yaktaurs
  2 rime drakes
  A komodo dragon (Lair:3)
  A tengu conjurer (Depths:1)
  5 guardian mummies (Depths:3)
  A hydra zombie (Crypt:3)
  5 trolls
  A polar bear (IceCv)
  5 merfolk
  A hornet (Depths:2)
  2 dream sheep (Lair:4)
  3 blink frogs (Lair:5)
  A snapping turtle (Shoals:3)
  A satyr skeleton (Crypt:1)
  37 slime creatures
  6 water elementals
  A spriggan (Depths:2)
  21 yaks
  2 fire elementals (Elf:1)
  2 redbacks (Vaults:3)
  A vampire mosquito (D:15)
  6 nagas
  A steam dragon (Lair:3)
  A catoblepas simulacrum (Crypt:2)
  5 water moccasins
  A glowing shapeshifter skeleton (Depths:2)
  8 orc warriors
  3 laughing skulls
  A swamp drake (D:11)
  2 elephant zombies (Lair:4)
  A small abomination (Zot:5)
  10 wolves
  5 centaurs
  7 ogres
  A draconian zombie (Crypt:2)
  A gnoll sergeant (D:9)
  A bullfrog (D:8)
  A cyclops zombie (Crypt:2)
  A human skeleton (Vaults:4)
  A scorpion (D:8)
  A wight (D:8)
  An orc priest (Orc:1)
  A centaur skeleton (Crypt:1)
  2 iguanas (Lair:1)
  8 orc wizards
  3 gnolls
  A howler monkey skeleton (Crypt:2)
  A shadow imp (D:11)
  A white imp (D:11)
  17 orcs
  6 goblins
  A dart slug zombie (Crypt:1)
631 creatures vanquished.

Vanquished Creatures (others)
  Nikola (Lair:2)
  A deep elf master archer (Elf:3)
  A white draconian (Depths:4)
  2 yaktaur captains (Vaults:4)
  A centaur warrior (Vaults:2)
  2 deep elf knights
  2 deep elf archers
  A mana viper (Lair:2)
  A salamander (Snake:4)
  A black mamba (Snake:2)
  3 yaktaurs
  A water elemental (Elf:1)
  4 ancestors
  38 knights
59 creatures vanquished.

Grand Total: 2401 creatures vanquished

Notes
Turn   | Place    | Note
-------+----------+-------------------------------------------
     0 | D:1      | Gryn the Human Conjurer began the quest for the Orb.
     0 | D:1      | Reached XP level 1. HP: 13/13 MP: 3/3
   293 | D:1      | Reached XP level 2. HP: 19/19 MP: 5/5
   323 | D:1      | Learned a level 2 spell: Searing Ray
   536 | D:1      | Reached XP level 3. HP: 24/24 MP: 6/6
   778 | D:2      | Reached skill level 5 in Conjurations
   816 | D:2      | Reached skill level 1 in Ranged Weapons
   875 | D:2      | Reached XP level 4. HP: 30/30 MP: 7/7
  1215 | D:3      | Noticed Natasha
  1218 | D:3      | Killed Natasha
  1258 | D:3      | Reached XP level 5. HP: 35/35 MP: 8/8
  1344 | D:3      | Noticed Natasha
  1348 | D:3      | Killed Natasha
  1557 | D:3      | Noticed Natasha
  1561 | D:3      | Killed Natasha
  1562 | D:3      | Reached XP level 6. HP: 41/41 MP: 4/9
  1885 | D:4      | Reached skill level 5 in Ranged Weapons
  1896 | D:4      | Found a staircase to the Ecumenical Temple.
  1916 | Temple   | Entered the Ecumenical Temple
  1952 | D:4      | Noticed Sigmund
  1977 | D:4      | Killed Sigmund
  1978 | D:4      | Reached XP level 7. HP: 15/46 MP: 10/10
  2612 | D:5      | Entered Level 5 of the Dungeon
  2738 | D:5      | Found a glowing drain.
  2749 | Sewer    | Entered a sewer
  2990 | Sewer    | Found a white marble altar of Elyvilon.
  3190 | D:5      | Reached XP level 8. HP: 52/52 MP: 11/11
  3723 | D:5      | Found a hazy altar of Hepliaklqana.
  3805 | D:5      | Became a worshipper of Hepliaklqana the Forgotten
  3959 | D:6      | Found an iron altar of Okawaru.
  3959 | D:6      | Found a stormy altar of Qazlal.
  4307 | D:6      | Found a white marble altar of Elyvilon.
  4444 | D:7      | Reached skill level 10 in Ranged Weapons
  4450 | D:7      | Reached skill level 1 in Fighting
  4563 | D:7      | Noticed a +0 hand axe
  4570 | D:7      | Noticed a +0 dagger
  4571 | D:7      | Found a hide-covered altar of Uskayaw.
  4678 | D:7      | Reached skill level 2 in Fighting
  4678 | D:7      | Reached XP level 9. HP: 62/62 MP: 12/12
  4857 | D:7      | Reached skill level 3 in Fighting
  4994 | D:7      | Reached skill level 4 in Fighting
  5410 | D:7      | Reached skill level 5 in Fighting
  5553 | D:7      | Reached skill level 1 in Shields
  5649 | D:7      | Found an opulent altar of Gozag.
  6146 | D:8      | Reached XP level 10. HP: 65/76 MP: 13/13
  6292 | D:8      | Found an ancient bone altar of Kikubaaqudgha.
  6321 | D:8      | Reached * piety under Hepliaklqana
  6362 | D:8      | Reached skill level 6 in Fighting
  6575 | D:8      | Found a staircase to the Lair.
  6613 | D:8      | Reached skill level 7 in Fighting
  7501 | D:8      | Reached skill level 8 in Fighting
  8169 | D:10     | Entered Level 10 of the Dungeon
  8169 | D:10     | Noticed a gargoyle
  8175 | D:10     | Killed a gargoyle
  8176 | D:10     | Reached XP level 11. HP: 78/78 MP: 14/14
  8207 | D:10     | Reached ** piety under Hepliaklqana
  8211 | D:10     | Remembered your ancestor Hepafightis as a knight
  8380 | D:10     | Found a flagged portal.
  8387 | Bailey   | Entered a bailey
  8524 | Bailey   | Reached skill level 9 in Fighting
  8585 | Bailey   | Noticed an orc knight
  8605 | Bailey   | Killed an orc knight
  8830 | Bailey   | Noticed an orc warlord
  8839 | Bailey   | Killed an orc warlord
  9002 | Bailey   | Identified the +3 spear of Relemaacw {drain, Str+4 Dex+4}
  9013 | Bailey   | Reached XP level 12. HP: 86/86 MP: 15/15
  9417 | D:10     | Found a snail-covered altar of Cheibriados.
  9807 | Lair:1   | Entered Level 1 of the Lair of Beasts
 10719 | Lair:1   | Reached skill level 5 in Dodging
 10838 | Lair:1   | Reached skill level 10 in Fighting
 11150 | Lair:1   | Noticed a five-headed hydra
 11638 | Lair:1   | Reached *** piety under Hepliaklqana
 11711 | Lair:1   | Killed a five-headed hydra
 11712 | Lair:1   | Reached XP level 13. HP: 92/92 MP: 16/16
 12454 | Lair:2   | Reached skill level 1 in Invocations
 12760 | Lair:2   | Found a staircase to the Snake Pit.
 13197 | Lair:2   | Reached **** piety under Hepliaklqana
 13586 | Lair:3   | Reached skill level 15 in Ranged Weapons
 13792 | Lair:3   | Identified the +3 scale mail of Cyazyly {Slay+5}
 13809 | Lair:3   | Reached skill level 5 in Invocations
 14587 | Lair:3   | Found a staircase to the Shoals.
 14816 | Lair:3   | Reached ***** piety under Hepliaklqana
 15099 | Lair:3   | Upgraded the game from 0.32-a0-868-g153ae1a8d6 to
                  | 0.32-a0-871-ge202e49faa
 15194 | Lair:4   | Reached skill level 1 in Armour
 15355 | Lair:4   | Found a frozen archway.
 15367 | Lair:4   | Reached XP level 14. HP: 96/99 MP: 18/18
 15477 | IceCv    | Entered an ice cave
 16371 | IceCv    | Noticed a frost giant
 16546 | IceCv    | Killed a frost giant
 16682 | IceCv    | Reached skill level 10 in Dodging
 17475 | Lair:4   | Reached skill level 5 in Armour
 18472 | Lair:5   | Entered Level 5 of the Lair of Beasts
 18650 | Lair:5   | Found a staircase to the Slime Pits.
 19400 | Lair:5   | Reached skill level 11 in Fighting
 19566 | Lair:5   | Reached XP level 15. HP: 106/106 MP: 21/21
 20222 | Lair:4   | Reached skill level 12 in Fighting
 21837 | D:11     | Found a gate leading to a gauntlet.
 21842 | Gauntlet | Entered a Gauntlet
 21842 | Gauntlet | Found a transporter.
 21845 | Gauntlet | Found a transporter.
 21861 | Gauntlet | Found a transporter.
 21865 | Gauntlet | Found a transporter.
 21875 | Gauntlet | Found a transporter.
 21893 | Gauntlet | Found a runed translucent door.
 21895 | Gauntlet | Found a transporter.
 21898 | Gauntlet | Found a transporter.
 21902 | Gauntlet | Found a transporter.
 21908 | Gauntlet | Found a runed translucent door.
 21925 | Gauntlet | Found a transporter.
 21933 | Gauntlet | Found a transporter.
 21933 | Gauntlet | Found a transporter.
 21941 | Gauntlet | Found a transporter.
 22441 | Gauntlet | Identified the +2 cloak of Fiecsuem {rC+ Str+2}
 23253 | D:11     | Found a staircase to the Orcish Mines.
 23939 | D:11     | Identified the +3 hat "Tetharr" {Fly rF+}
 24190 | Orc:1    | Entered Level 1 of the Orcish Mines
 24434 | Orc:1    | You are sucked into a shaft and drop 1 floor!
 24434 | Orc:2    | Entered Level 2 of the Orcish Mines
 25116 | Orc:2    | Found Zevibeug's Distillery.
 25116 | Orc:2    | Found Yprines's Jewellery Shoppe.
 25265 | Orc:2    | Reached skill level 13 in Fighting
 25265 | Orc:2    | Reached skill level 10 in Armour
 25658 | Orc:2    | Found Ikhluol's Book Boutique.
 25699 | Orc:2    | Reached XP level 16. HP: 100/117 MP: 22/22
 25742 | Orc:2    | Found Dariekasch's Weapon Emporium.
 26078 | Orc:2    | Found a staircase to the Elven Halls.
 26288 | D:12     | Identified the +11 rapier "Hicvyich" {flame, rElec rF+}
 26325 | D:12     | Found Umuw Zuh's Book Shop.
 27341 | D:13     | Found a transporter.
 27341 | D:13     | Found a transporter.
 27346 | D:13     | Found a transporter.
 27469 | D:13     | Reached skill level 14 in Fighting
 27822 | D:13     | Found a transporter.
 28060 | D:13     | Identified a scroll of acquirement
 28060 | D:13     | Acquired a +2 pair of boots of rampaging
 28409 | D:14     | Found a gate to the Vaults.
 28918 | D:15     | Entered Level 15 of the Dungeon
 29416 | D:15     | Reached skill level 15 in Fighting
 29647 | D:15     | Found a staircase to the Depths.
 29847 | D:15     | Identified the +2 flail of Slimy Fortitude {flame, Will+
                  | Dex+2}
 29905 | D:15     | Found a white marble altar of Elyvilon.
 30293 | Shoals:1 | Entered Level 1 of the Shoals
 30297 | Shoals:1 | Noticed Mlioglotl
 30325 | Lair:3   | Killed Mlioglotl
 31103 | Shoals:1 | Found Kol Jouf's Visitors' Centre.
 31259 | Shoals:1 | Found Kol Jouf's Merfolk Armours.
 31259 | Shoals:1 | Found Kol Jouf's Merfolk Weapons.
 31272 | Shoals:1 | Bought a throwing net for 45 gold pieces
 31562 | Shoals:1 | Reached XP level 17. HP: 127/127 MP: 23/23
 31856 | Shoals:2 | Found Fanoguso's Distillery.
 31870 | Shoals:2 | Bought a potion of curing for 48 gold pieces
 31870 | Shoals:2 | Bought 2 potions of curing for 96 gold pieces
 31870 | Shoals:2 | Bought a potion of haste for 160 gold pieces
 31870 | Shoals:2 | Bought a potion of heal wounds for 80 gold pieces
 31870 | Shoals:2 | Bought a potion of resistance for 160 gold pieces
 32062 | Shoals:2 | HP: 2/128 [merfolk/+0 trident (14)]
 32624 | Shoals:2 | Reached skill level 16 in Fighting
 32999 | Shoals:3 | Noticed Polyphemus
 33023 | Shoals:3 | Killed Polyphemus
 33593 | Shoals:3 | Reached ****** piety under Hepliaklqana
 33602 | Shoals:3 | Noticed Donald
 33612 | Shoals:3 | Killed Donald
 33797 | Shoals:4 | Entered Level 4 of the Shoals
 34074 | Shoals:4 | Reached skill level 1 in Ice Magic
 34242 | Shoals:4 | Identified the +2 lajatang "Dosaevow" {flame, rC+ Will+
                  | SInv}
 34567 | Shoals:4 | Identified the +3 demon trident "Cunaos" {freeze, Dex+2}
 34756 | Shoals:4 | Reached skill level 5 in Ice Magic
 35316 | Shoals:4 | Got a barnacled rune of Zot
 35370 | Shoals:4 | Reached XP level 18. HP: 115/135 MP: 24/24
 35391 | Shoals:4 | Identified the ring of Ceisch {rCorr Int+3}
 35638 | Shoals:4 | Learned a level 5 spell: Freezing Cloud
 35854 | Snake:1  | Entered Level 1 of the Snake Pit
 35854 | Snake:1  | Noticed Nikola
 36046 | Orc:2    | Bought a potion of heal wounds for 80 gold pieces
 36046 | Orc:2    | Bought a potion of curing for 48 gold pieces
 36046 | Orc:2    | Bought 2 potions of curing for 96 gold pieces
 36046 | Orc:2    | Bought a potion of brilliance for 64 gold pieces
 36046 | Orc:2    | Bought a potion of magic for 128 gold pieces
 36046 | Orc:2    | Bought a potion of mutation for 128 gold pieces
 36066 | Elf:1    | Entered Level 1 of the Elven Halls
 36142 | Elf:1    | Reached skill level 5 in Spellcasting
 36532 | Elf:1    | Paralysed by an air elemental for 1 turns
 36585 | Elf:1    | Identified the ring "Biniroje" {^Contam rF+ rCorr Str+6
                  | Dex+2}
 36596 | Elf:1    | Reached skill level 1 in Air Magic
 36838 | Elf:1    | Reached skill level 10 in Ice Magic
 36869 | Elf:1    | Found Teteatoxt's Antique Weapon Shoppe.
 37295 | Elf:1    | Got Deunoadd's Precepts of Alchemical Lightning
 37410 | Elf:1    | Paralysed by an air elemental for 1 turns
 37414 | Elf:1    | Paralysed by an air elemental for 1 turns
 37419 | Elf:1    | Paralysed by an air elemental for 1 turns
 37750 | Elf:1    | Reached skill level 5 in Air Magic
 38525 | Elf:2    | Found a runed translucent gate.
 38526 | Elf:2    | Found a runed translucent gate.
 38526 | Elf:2    | Found a runed translucent gate.
 39308 | Elf:2    | Reached XP level 19. HP: 141/141 MP: 26/26
 39969 | Vaults:1 | Entered Level 1 of the Vaults
 40141 | Vaults:1 | Noticed Norris
 40771 | Lair:2   | Killed Nikola
 41043 | Snake:1  | Found Fezeogro's Armour Emporium.
 41401 | Snake:1  | Learned a level 7 spell: Ozocubu's Refrigeration
 41411 | Snake:2  | Reached skill level 1 in Alchemy
 41858 | Snake:2  | Reached skill level 5 in Alchemy
 41995 | Snake:2  | Found Bomadoap's Antique Weapon Boutique.
 42086 | Snake:2  | Found a sacrificial altar of Ru.
 42317 | Snake:2  | Learned a level 4 spell: Olgreb's Toxic Radiance
 42461 | Snake:2  | Bought a runed longbow for 351 gold pieces
 43308 | Snake:3  | Found a one-way gate to the infinite horrors of the Abyss.
 43308 | Snake:3  | Noticed SlowGraham's ghost (adept MDFi)
 43318 | Snake:3  | Found a transporter.
 43356 | Snake:3  | Found a transporter.
 43576 | Snake:3  | Reached skill level 15 in Ice Magic
 43609 | Snake:4  | Entered Level 4 of the Snake Pit
 43707 | Snake:4  | Reached XP level 20. HP: 62/147 MP: 11/30
 46270 | Snake:4  | Got a serpentine rune of Zot
 46665 | Vaults:1 | Killed Norris
 47611 | Vaults:1 | You are sucked into a shaft and drop 1 floor!
 47943 | Vaults:2 | Reached skill level 17 in Fighting
 47949 | Vaults:2 | Reached XP level 21. HP: 126/156 MP: 23/34
 47976 | Vaults:2 | Noticed Zenata
 47986 | Vaults:2 | Killed Zenata
 48489 | Vaults:2 | Reached skill level 10 in Spellcasting
 49313 | Vaults:1 | Found Zuscheowu's Jewellery Shoppe.
 49317 | Vaults:1 | Bought the ring of Huoruaxtuf {rElec rC+ rCorr Dex+2} for
                  | 768 gold pieces
 50404 | Vaults:2 | Reached skill level 5 in Shields
 51200 | Vaults:2 | Noticed Mennas
 52016 | Vaults:3 | Found a staircase to the Crypt.
 52075 | Vaults:3 | Reached skill level 10 in Shields
 52586 | Vaults:3 | Reached XP level 22. HP: 164/164 MP: 36/36
 53156 | Vaults:4 | Found the +9 sword of Power {lifebolt}
 53216 | Vaults:4 | Paralysed by a formless jellyfish for 1 turns
 53481 | Vaults:4 | Paralysed by a formless jellyfish for 1 turns
 54020 | Vaults:4 | Identified the +8 sling of the Mind {freeze, Fly Will+}
 54857 | Snake:3  | Killed SlowGraham's ghost
 55562 | Depths:1 | Entered Level 1 of the Depths
 56042 | Depths:1 | Found Opuelot's General Store.
 56049 | Depths:1 | Bought a potion of heal wounds for 85 gold pieces
 56049 | Depths:1 | Bought a potion of resistance for 170 gold pieces
 56049 | Depths:1 | Bought a potion of curing for 51 gold pieces
 56049 | Depths:1 | Bought 3 scrolls of teleportation for 153 gold pieces
 56054 | Depths:1 | Identified the +2 robe of Lamyehooqo {rN+}
 56054 | Depths:1 | Noticed Boris
 56066 | Depths:1 | Killed Boris
 56274 | Depths:1 | Found a gateway to Hell.
 56714 | Depths:1 | Paralysed by a vampire knight for 3 turns
 56715 | Depths:1 | Noticed a dread lich
 56736 | Depths:1 | Killed a dread lich
 57176 | Depths:1 | Found a one-way gateway to a ziggurat.
 57186 | Depths:1 | Reached skill level 18 in Fighting
 57739 | Depths:2 | Noticed a juggernaut
 57753 | Depths:2 | Killed a juggernaut
 57785 | Depths:2 | Reached XP level 23. HP: 166/171 MP: 37/37
 57924 | Depths:2 | Reached skill level 10 in Invocations
 58503 | Depths:2 | Reached skill level 19 in Fighting
 58636 | Depths:2 | Identified the +0 scale mail of the Thunderstorm {Will+}
 58790 | Depths:2 | Identified the +9 great sword of Kooroseh {freeze, MP-9
                  | Dex+4 SInv}
 58846 | Depths:2 | Found a one-way gate leading to the halls of Pandemonium.
 58914 | Depths:2 | Identified the +0 pair of boots of Plog {Rampage rN+}
 61115 | Depths:3 | Found the amulet of Vitality {Regen++ RegenMP++}
 61147 | Depths:3 | Noticed a royal mummy
 61575 | Depths:3 | Found a runed translucent door.
 61576 | Depths:3 | Noticed Jigeme's ghost (veteran DEHs)
 61658 | Depths:3 | Killed Jigeme's ghost
 61662 | Depths:3 | Found a runed translucent door.
 61783 | Depths:3 | Noticed a golden dragon
 61790 | Depths:3 | Noticed Duof's ghost (veteran GnWn)
 61790 | Depths:3 | Noticed a golden dragon
 61955 | Depths:3 | Killed a royal mummy
 62354 | Depths:4 | Entered Level 4 of the Depths
 62512 | Depths:4 | Reached skill level 20 in Fighting
 63101 | Depths:4 | Reached XP level 24. HP: 183/183 MP: 37/37
 63339 | Depths:4 | Reached skill level 10 in Alchemy
 63344 | Depths:4 | Found a gate to the Realm of Zot.
 63446 | Depths:4 | Noticed a caustic shrike
 63446 | Depths:4 | Noticed a caustic shrike
 63446 | Depths:4 | Noticed a caustic shrike
 63447 | Depths:4 | Noticed a caustic shrike
 63451 | Depths:4 | Killed a caustic shrike
 63455 | Depths:4 | Killed a caustic shrike
 63458 | Depths:4 | Killed a caustic shrike
 63463 | Depths:4 | Killed a caustic shrike
 64298 | Depths:3 | Killed Duof's ghost
 64306 | Depths:3 | Found a runed translucent door.
 64307 | Depths:3 | Noticed Jigeme's ghost (veteran DEHs)
 64643 | Elf:3    | Entered Level 3 of the Elven Halls
 64744 | Elf:3    | Found Xaoqituh's Weapon Boutique.
 64744 | Elf:3    | Found Zusill's Magic Scroll Shop.
 64745 | Elf:3    | Found Zilao's Assorted Antiques.
 64751 | Elf:3    | Bought a scroll of brand weapon for 104 gold pieces
 64751 | Elf:3    | Bought a scroll of enchant armour for 82 gold pieces
 64751 | Elf:3    | Bought a scroll of enchant armour for 82 gold pieces
 64751 | Elf:3    | Bought a scroll of blinking for 82 gold pieces
 64759 | Elf:3    | Bought 2 scrolls of brand weapon for 380 gold pieces
 64759 | Elf:3    | Bought a crude ivory ring for 100 gold pieces
 64759 | Elf:3    | Identified the ring of Gemex {Fire rN+ rCorr} (You bought
                  | it in a shop on level 3 of the Elven Halls)
 64769 | Elf:3    | Paralysed by an air elemental for 1 turns
 64884 | Elf:3    | Paralysed by an air elemental for 1 turns
 64929 | Elf:3    | Paralysed by an air elemental for 1 turns
 65045 | Elf:3    | Found Keethydo's Distillery.
 65382 | Elf:3    | Identified the ring "Eciasud" {rPois rF++ Will+ Dex+3
                  | Stlth-}
 65430 | Elf:3    | Gained mutation: You are weak. (Str -2) [mutagenic glow]
 65440 | Elf:3    | Reached skill level 10 in Evocations
 65519 | Elf:3    | Reached skill level 15 in Shields
 65562 | Elf:3    | Identified the +1 falchion "Jopewkux" {flame, rElec Int+3}
 65674 | Elf:3    | Identified the +9 plate armour "Reiwageh" {Regen+ Str+2}
 65747 | Elf:3    | Identified the +4 plate armour of the Mantidfly {*Slow MP+9
                  | Str+2 Stlth+}
 65751 | Elf:3    | Identified the staff of Victory {*Corrode rElec rPois Str+3
                  | Int+3 Alchemy}
 65761 | Elf:3    | Got Nuzuble's Anthology of Arrival and the Faeries
 65766 | Elf:3    | Got Zoaweit's Cyclopedia of Violence
 65794 | Elf:3    | Identified the +0 dagger of the Original Sin {drain, Will+
                  | Str+4 Int-2 SInv}
 66586 | Crypt:1  | Entered Level 1 of the Crypt
 69109 | Crypt:2  | Reached XP level 25. HP: 189/189 MP: 37/37
 70224 | Crypt:3  | Entered Level 3 of the Crypt
 70895 | Crypt:3  | Found an ancient bone altar of Kikubaaqudgha.
 70895 | Crypt:3  | Noticed a dread lich
 70895 | Crypt:3  | Identified the +2 robe of Kieteirph {rC+ Dex+2 Archmagi}
 70895 | Crypt:3  | Noticed Boris
 70907 | Crypt:3  | Killed a dread lich
 70919 | Crypt:3  | Killed Boris
 70986 | Crypt:3  | Learned a level 3 spell: Fugue of the Fallen
 70996 | Crypt:3  | Got the Elucidation of Cadavers
 71001 | Crypt:3  | Identified the +4 long sword "Isepp" {protect, rF+ Int+2}
 71142 | Crypt:3  | Reached skill level 1 in Necromancy
 71434 | Crypt:3  | Found a staircase to the Tomb.
 72225 | Elf:3    | Bought a potion of brilliance for 52 gold pieces
 72225 | Elf:3    | Bought a potion of magic for 104 gold pieces
 72225 | Elf:3    | Bought a potion of curing for 39 gold pieces
 72225 | Elf:3    | Bought a potion of magic for 104 gold pieces
 72225 | Elf:3    | Bought a potion of curing for 39 gold pieces
 72614 | Vaults:5 | Entered Level 5 of the Vaults
 72618 | Vaults:5 | Reached skill level 5 in Necromancy
 73241 | Slime:1  | Entered Level 1 of the Pits of Slime
 73498 | Slime:5  | Entered Level 5 of the Pits of Slime
 73502 | Slime:5  | Paralysed by a formless jellyfish for 1 turns
 73751 | Slime:5  | Noticed the Royal Jelly
 73765 | Slime:5  | Killed the Royal Jelly
 73766 | Slime:5  | Reached skill level 21 in Fighting
 74589 | Slime:5  | Reached XP level 26. HP: 199/199 MP: 26/37
 75154 | Slime:5  | Identified the +0 robe of Jeqot {Fly rN+ Will+}
 75159 | Slime:5  | Identified the +11 rapier of the Sneaky Spines {freeze,
                  | *Slow rN+ Int+3}
 75166 | Slime:5  | Acquired 1083 gold pieces
 75200 | Slime:5  | Got a slimy rune of Zot
 75205 | Slime:5  | Identified the +8 mace of Noim Ove {spect, rElec rN+ Int+2}
 75216 | Slime:5  | Identified the +1 chain mail of Sif Muna's Scorn {rC+
                  | Dex+5}
 75228 | Slime:5  | Identified the +4 leather armour "Ahokic" {Will+}
 75713 | Zot:1    | Entered Level 1 of the Realm of Zot
 75758 | Zot:1    | Reached skill level 1 in Translocations
 76301 | Depths:3 | Killed Jigeme's ghost
 76332 | Depths:3 | Identified the +10 quarterstaff of the Impish God {drain,
                  | rElec rC- rN++ SInv}
 76333 | Depths:3 | Identified the +0 hat of Pinecuj {^Contam +Inv Dex+7
                  | Stlth-}
 76779 | Zot:1    | Reached skill level 5 in Translocations
 77022 | Zot:1    | Reached skill level 22 in Fighting
 77290 | Zot:1    | Learned a level 2 spell: Blink
 77605 | Zot:1    | Identified the +5 flail "Giantbane" {spect, rF+ rC+ rCorr
                  | Int+3}
 77785 | Zot:2    | Learned a level 6 spell: Dispersal
 77802 | Zot:2    | Noticed a Killer Klown
 77812 | Zot:2    | Killed a Killer Klown
 78658 | Zot:2    | Noticed an orb of fire
 78677 | Zot:2    | Gained mutation: Your magical capacity is low. (-10% MP)
                  | [an orb of fire]
 78681 | Zot:2    | Gained mutation: You are frail. (-10% HP) [an orb of fire]
 78684 | Zot:2    | Gained mutation: You occasionally lose the ability to drink
                  | potions when taking damage. [an orb of fire]
 78690 | Zot:2    | Killed an orb of fire
 78755 | Zot:2    | Lost mutation: You occasionally lose the ability to drink
                  | potions when taking damage. [potion of mutation]
 78755 | Zot:2    | Lost mutation: You are frail. (-10% HP) [potion of
                  | mutation]
 78755 | Zot:2    | Lost mutation: You are weak. (Str -2) [potion of mutation]
 78755 | Zot:2    | Gained mutation: You are occasionally teleported next to
                  | monsters. [potion of mutation]
 78755 | Zot:2    | Gained mutation: You have sharp toenails. [potion of
                  | mutation]
 78755 | Zot:2    | Gained mutation: You have a pair of small horns on your
                  | head. [potion of mutation]
 78756 | Zot:2    | Lost mutation: Your magical capacity is low. (-10% MP)
                  | [potion of mutation]
 78756 | Zot:2    | Lost mutation: You have a pair of small horns on your head.
                  | [potion of mutation]
 78756 | Zot:2    | Lost mutation: You are occasionally teleported next to
                  | monsters. [potion of mutation]
 78756 | Zot:2    | Gained mutation: You have sharp fingernails. [potion of
                  | mutation]
 78756 | Zot:2    | Lost mutation: You have sharp fingernails. [potion of
                  | mutation]
 78756 | Zot:2    | Gained mutation: You have hidden genetic potential. [potion
                  | of mutation]
 78863 | Zot:2    | Reached skill level 10 in Translocations
 79457 | Zot:2    | Found a runed translucent door.
 79458 | Zot:2    | Found a shimmering altar of Xom.
 79458 | Zot:2    | Noticed Vyqe's ghost (master MfIE)
 79479 | Zot:2    | Killed Vyqe's ghost
 80340 | Zot:3    | Paralysed by a jorogumo for 3 turns
 80490 | Zot:3    | Reached XP level 27. HP: 207/207 MP: 38/38
 80662 | Zot:4    | Noticed an orb of fire
 80667 | Zot:3    | Gained mutation: Your body sometimes deteriorates upon
                  | taking damage. [an orb of fire]
 80672 | Zot:3    | Killed an orb of fire
 81301 | Zot:4    | Identified the +0 leather armour "Weushramm" {Harm Str-3
                  | Dex+3}
 81519 | Zot:4    | Noticed Grunn
 81529 | Zot:4    | Killed Grunn
 82493 | Zot:5    | Entered Level 5 of the Realm of Zot
 84079 | Zot:5    | Noticed a dread lich
 84084 | Zot:5    | Killed a dread lich
 84084 | Zot:5    | Noticed an orb of fire
 84092 | Zot:5    | Killed an orb of fire
 84100 | Zot:5    | Noticed an orb of fire
 84110 | Zot:5    | Killed an orb of fire
 84110 | Zot:5    | Noticed an orb of fire
 84117 | Zot:5    | Killed an orb of fire
 84167 | Zot:5    | Gained mutation: Your flesh is cold resistant. (rC+)
                  | [hidden potential]
 84172 | Zot:5    | Reached skill level 15 in Dodging
 85035 | Zot:5    | Noticed an ancient lich
 85040 | Zot:5    | Killed an ancient lich
 85957 | Zot:5    | Got the Orb of Zot
 85986 | Zot:5    | Gained mutation: You are dopey. (Int -2) [a cacodemon]
 86002 | Zot:5    | Noticed Ynilum the pandemonium lord
 86755 | D:$      | Escaped with the Orb!

Illustrated notes

Levels and vault maps discovered:
D:1:      nzn_arrival_settlement, layout_basic, minmay_vboxes
D:2:      layout_basic, st_stairs_14
D:3:      layout_loops_ring, uniq_natasha
D:4:      layout_basic, minmay_temple_entry_sparse_star, uniq_sigmund
D:5:      layout_loops_corners, nzn_hepliaklqana_mist_gate,
          portal_sewer_entry_a, minmay_statues_item
D:6:      layout_rooms, mainiacjoe_overflow_six_doors_small,
          gammafunk_temple_overflow_elements, serial_curves, eino_curves_04,
          eino_curves_02, eino_curves_03
D:7:      layout_loops_ring, nicolae_gozag_cash_rules_everything_around_me,
          dancing_weapons_uskayaw
D:8:      layout_gridville, mainiacjoe_overflow_paths,
          due_lair_maze_entry_diamond, serial_glass, glass_columns_a,
          glass_columns_b, glass_columns_b, glass_columns_a, glass_columns_a,
          glass_columns_b
D:9:      layout_roguey
D:10:     layout_basic, slow_altar_2, enter_bailey_4
D:11:     layout_basic, david_orc_4, gauntlet_entry_generic,
          hangedman_minor_magic
D:12:     layout_roguey, serial_shops, shop, minivault_22
D:13:     layout_cave_pools, nicolae_diode_quadrants
D:14:     layout_loops_ring, erik_vaults_2, serial_park_square2
D:15:     grunt_enter_depths_snipers, layout_long_grid, elyvilon_altar_1,
          chequers_serial_rivers_room_b, nicolae_underground_beach
Temple:   minmay_temple_curvy_branch
Lair:1:   beast_lair_carwin_large_1, layout_chaotic_city,
          infiniplex_staircase_pool, grunt_megastairs_1
Lair:2:   layout_cave_pods, guppyfry_snake_entry_island,
          infiniplex_staircase_pool_2
Lair:3:   layout_cave_shapes, mainiacjoe_shoals_entry_four_pools,
          beast_lair_carwin_8, serial_bayou_shore_b, serial_bayou_shore_a
Lair:4:   pond_and_an_island_with_a_cottage, layout_layer_cave,
          portal_ice_cave_entry_animals_and_master, serial_bayou_shore_b
Lair:5:   evilmike_catoblepas_cave, layout_misc_corridors, slime_entry_1,
          lemuel_fruit_tree
Shoals:1: nicolae_shoals_mermall, layout_shoals, uniq_mlioglotl
Shoals:2: layout_shoals, serial_shops, nicolae_shop_tiny_waterfront,
          nicolae_shoals_nymph_descending_staircase
Shoals:3: layout_shoals, uniq_donald, uniq_polyphemus
Shoals:4: shoals_end_grunt_ice, layout_shoals
Snake:1:  layout_rooms, serial_shops, shop_statue, uniq_nikola
Snake:2:  layout_rooms, serial_shops, nicolae_shop_window_shopping, basic_altar
Snake:3:  layout_misc_corridors, gammafunk_ghost_abyssal_escape,
          grunt_megastairs_2
Snake:4:  grunt_snake_rune_spirals, layout_onion,
          serial_library_regret_index_turning, serial_library_hellmonk_hallway_a
Slime:1:  layout_caves
Slime:2:  nicolae_slime_jelly_donut, layout_caves
Slime:3:  layout_caves
Slime:4:  layout_caves, nicolae_slime_barrier
Slime:5:  slime_pit_nicolae_royal_road_to_ruin
Orc:1:    layout_caves, nicolae_orc_flooded_monolith
Orc:2:    st_orc_open, layout_caves
Elf:1:    minmay_elf_arrival_circle, layout_loops_cross, serial_shops,
          nicolae_shop_tiny_statue_garden, regret_index_elf_centigrade,
          minivault_25, st_stairs_9, minmay_checkered_concentric_circles
Elf:2:    nicolae_elf_blades_crystal_corner, layout_onion_city,
          small_statue_intersection, st_stairs_13, lemuel_flamethrower_3
Elf:3:    minmay_elf_hall_furrowed, layout_geoelf_grid, serial_shops, shop,
          minivault_20, nicolae_wooded_promenade
Vaults:1: nicolae_vaults_yaktaur_gun_rack, nicolae_vaults_layer_cake_slice,
          v_alt_pattern_5, vaults_room_glass_cross,
          nicolae_vaults_ellipses_ellipsis, nicolae_vaults_storage_closets_1,
          v_rooms_3, hangedman_vaults_impose, ontoclasm_vaults_decontamination,
          v_alt_pattern_2, nicolae_vaults_variable_pillar_hall,
          nicolae_vaults_layer_cake_slice, layout_vaults_maze, serial_shops,
          nicolae_shop_real_fake_doors, uniq_norris
Vaults:2: v_misc_31, vaults_mumra_hex, vaults_room_stairs_pillars,
          nicolae_vaults_security_offices_6,
          nicolae_vaults_trapezoid_lopsided_1, v_misc_15,
          ontoclasm_vaults_idyll, layout_vaults_chaotic_city, uniq_mennas,
          uniq_zenata
Vaults:3: nicolae_vaults_diagonal_hallway_7, vaults_room_fours,
          grunt_vaults_swirl, vaults_room_grid,
          minmay_crypt_entry_simple_corners, v_misc_1,
          nicolae_vaults_bisected_slash, nicolae_vaults_six-pack,
          v_alt_pattern_1, layout_vaults_omnigrid
Vaults:4: v_pattern_4, vaults_dpeg_encased_lava, v_misc_33, v_misc_16,
          nicolae_vaults_oval_intersection, v_misc_5, nicolae_vaults_wrenched,
          vaults_room_ringed_pool, ontoclasm_vaults_twist,
          nicolae_vaults_storage_closets_3, hangedman_vaults_pinch,
          minmay_guarded_unrand_sword_of_power, nicolae_vaults_trapezoid_3,
          nicolae_vaults_variable_pillar_hall, layout_vaults_omnibox
Vaults:5
Crypt:1:  layout_misc_corridors, roderic_lattice_octagonal_star
Crypt:2:  layout_regular_city, serial_co_window_serial, co_window_cross_1,
          co_window_corner_a, co_window_paths_a, co_window_corner_a,
          co_window_paths_a, co_window_corner_a, co_window_2corner,
          co_window_corner_b, co_window_broadway_b, co_window_broadway_b,
          co_window_broadway_a, co_window_unsneaky_path_e,
          co_window_unsneaky_path_e, co_window_paths_e
Crypt:3:  cryptofortress_bobbens
Depths:1: hellmonk_paralyzer, layout_gridlike, enter_ziggurat_d, serial_shops,
          shop_fountains, pf_hell_entry_great_geh, minivault_16,
          serial_bayou_pond_a, lemuel_flames_and_gold, uniq_boris
Depths:2: grunt_crosshair, layout_gridlike, serial_co_window_serial,
          co_window_paths_a, co_window_of_opportunity_a, co_window_paths_a,
          co_window_cross_1, co_window_corner_a, co_window_paths_a,
          co_window_of_opportunity_a, co_window_broadway_b, co_window_paths_c,
          co_window_2corner, co_window_unsneaky_path_a, co_window_broadway_b,
          co_window_corner_cb, co_window_paths_e, co_window_4corner_b,
          glass_columns_a, glass_columns_a, glass_columns_b, pan_entry,
          hell_entry, firewood_loft
Depths:3: ragdoll_tomb_raider, layout_cave_shapes, abyss_entry_crystal,
          hell_entry, muffindrake_ghost_three_little_ghosts, kennysheep_doodads,
          infiniplex_staircase_zigzag_3
Depths:4: grunt_x_marks_the_spot, layout_gridlike, hell_entry
Zot:1:    layout_gridlike
Zot:2:    layout_gridlike, ebering_ghost_xom, zot_minivault_5
Zot:3:    layout_onion
Zot:4:    layout_onion_interference, regret_index_zotdec_gossamer_gf,
          grunt_megastairs_4, uniq_grunn
Zot:5:    layout_misc_corridors

Skill      XL: |  1  2  3  4  5  6  7  8  9 10 11 12 13 14 15 16 17 18 19 20 21 22 23 24 25 26 27 |
---------------+----------------------------------------------------------------------------------+-----
Conjurations   | 5 7 |  7.0
Ranged Weapons | 1 3 4 6 8 10 11 13 14 15 16 18 20 | 20.0
Fighting       | 2 5 8 9 10 11 13 15 16 17 18 20 21 22 | 22.0
Shields        | 2 4 10 14 16 18 | 18.0
Dodging        | 4 6 9 10 15 | 15.5
Evocations     | 8 10 11 12 | 12.0
Invocations    | 5 8 9 10 | 10.0
Armour         | 2 7 10 11 | 11.0
Ice Magic      | 6 14 15 17 18 20 | 20.0
Spellcasting   | 4 5 6 9 10 11 | 11.0
Air Magic      | 5 7 |  7.0
Alchemy        | 7 8 9 10 | 10.0
Necromancy     | 5 |  5.0
Translocations | 12 14 | 14.8
Stealth        | |  2.0

Action                     |  1- 3 |  4- 6 |  7- 9 | 10-12 | 13-15 | 16-18 | 19-21 | 22-24 | 25-27 || total
---------------------------+-------+-------+-------+-------+-------+-------+-------+-------+-------++-------
  Melee: Sling             |       |     4 |       |       |       |       |       |       |       ||     4
   Fire: Sling             |    79 |   108 |   384 |   181 |       |       |       |       |       ||   752
         Longbow           |       |       |       |   230 |  1101 |  1273 |  1009 |       |       ||  3613
         Hand cannon       |       |       |       |       |       |       |   194 |  1223 |  1229 ||  2646
  Throw: Dart              |       |       |       |     1 |     1 |       |       |       |       ||     2
   Cast: Magic Dart        |     6 |       |       |       |       |       |       |       |       ||     6
         Searing Ray       |       |     1 |       |       |       |       |       |       |       ||     1
         Freezing Cloud    |       |       |       |       |       |       |    47 |       |       ||    47
         Ozocubu's Refrige |       |       |       |       |       |       |    11 |    59 |   109 ||   179
         Olgreb's Toxic Ra |       |       |       |       |       |       |    37 |   103 |    33 ||   173
         Fugue of the Fall |       |       |       |       |       |       |       |       |     3 ||     3
 Invoke: Recall Ancestor   |       |       |       |     2 |    14 |     7 |     6 |     9 |     6 ||    44
         Ancestor Life: Kn |       |       |       |     1 |       |       |       |       |       ||     1
         Ancestor Identity |       |       |       |     1 |       |       |       |       |       ||     1
         Idealise          |       |       |       |       |     7 |    13 |    10 |    12 |    13 ||    55
         Transference      |       |       |       |       |       |       |     4 |     3 |     1 ||     8
  Evoke: Wand              |       |     2 |       |     6 |     1 |    11 |     1 |     5 |    13 ||    39
         Lightning rod     |       |       |       |       |       |     8 |       |       |       ||     8
         Box of beasts     |       |       |       |       |       |     1 |       |       |     1 ||     2
    Use: Scroll            |     3 |     2 |     9 |     4 |    14 |    12 |    20 |    11 |    25 ||   100
         Potion            |       |       |     3 |     4 |    10 |     9 |     9 |     7 |    21 ||    63
 Armour: Robe              |    34 |    30 |    78 |    50 |       |       |       |       |       ||   192
         Skin              |       |       |    32 |       |       |       |     3 |       |       ||    35
         Leather armour    |       |       |       |    47 |    82 |    82 |   259 |   328 |   409 ||  1207
         Scale mail        |       |       |       |       |   304 |   240 |       |       |       ||   544
  Dodge: Dodged            |    32 |    30 |    91 |    83 |   327 |   266 |   240 |   205 |   257 ||  1531
  Block: Buckler           |       |       |    16 |    14 |       |       |       |       |       ||    30
         Kite shield       |       |       |       |       |       |       |    55 |   452 |   510 ||  1017

Table legend: (Time is in decaauts)
 A = Elapsed time spent in this place.
 B = Non-inter-level travel time spent in this place.
 C = Inter-level travel time spent in this place.
 D = Time resting spent in this place.
 E = Time spent auto-exploring this place.
 F = Levels seen in this place.
 G = Mean time per level.
                   A        B        C        D        E       F      G
               +--------+--------+--------+--------+--------+-----+--------+
         Total |  87268 |  78687 |   8581 |  33681 |  30022 |  60 | 1454.5 |
       Dungeon |  18430 |  14981 |   3449 |   4398 |   7967 |  15 | 1228.7 |
        Temple |      1 |      1 |      0 |      0 |      0 |   1 |    1.0 |
          Lair |  11117 |   9995 |   1122 |   4499 |   4019 |   5 | 2223.4 |
        Shoals |   4894 |   4614 |    280 |   1258 |   2565 |   4 | 1223.5 |
     Snake Pit |   6109 |   5566 |    543 |   2647 |   1685 |   4 | 1527.2 |
    Slime Pits |   2124 |   2045 |     79 |   1261 |    339 |   5 |  424.8 |
  Orcish Mines |   2149 |   1844 |    305 |    796 |    716 |   2 | 1074.5 |
   Elven Halls |   5044 |   4680 |    364 |   1901 |   1795 |   3 | 1681.3 |
        Vaults |   9172 |   8094 |   1078 |   3728 |   2809 |   5 | 1834.4 |
         Crypt |   4804 |   4510 |    294 |   1840 |   1796 |   3 | 1601.3 |
        Depths |   9978 |   9093 |    885 |   4077 |   3305 |   4 | 2494.5 |
           Zot |  10030 |   9852 |    178 |   5666 |   2502 |   5 | 2006.0 |
         Sewer |    317 |    317 |      0 |    134 |    110 |   1 |  317.0 |
        Bailey |    715 |    715 |      0 |    330 |     40 |   1 |  715.0 |
      Ice Cave |   1609 |   1609 |      0 |   1009 |    207 |   1 | 1609.0 |
      Gauntlet |    770 |    770 |      0 |    133 |    165 |   1 |  770.0 |
               +--------+--------+--------+--------+--------+-----+--------+

Top non-repeatable levels by time:
   Zot:5: 3554 daAuts
Depths:2: 3196 daAuts
  Lair:4: 2964 daAuts
 Snake:4: 2803 daAuts
     D:8: 2578 daAuts
  Lair:3: 2564 daAuts
Vaults:1: 2472 daAuts
Vaults:2: 2432 daAuts
Vaults:3: 2380 daAuts
Depths:3: 2346 daAuts
Depths:4: 2266 daAuts
   Zot:2: 2241 daAuts
  Lair:5: 2183 daAuts
Depths:1: 2169 daAuts
    D:11: 2076 daAuts
